 Dungeon Crawl Stone Soup version 0.25-a0-834-g55863b0 (webtiles) character file.

Game seed: 4971708667837502176, levelgen mode: deterministic

59 BlueFish the Covered (level 3, -1/33 HPs)
             Began as a Minotaur Fighter on Apr 23, 2020.
             Splashed by a jelly's acid (7 damage)
             ... on level 2 of the Dungeon.
             The game lasted 00:02:36 (1391 turns).

BlueFish the Covered (Minotaur Fighter)             Turns: 1391, Time: 00:02:37

Health: -1/33      AC:  0    Str: 20    XL:     3   Next: 78%
Magic:  3/11       EV:  9    Int:  5    God:
Gold:   20         SH:  0    Dex: 10    Spells: 2/2 levels left

rFire    . . .     SeeInvis .   a - +0 long sword
rCold    . . .     Gourm    .   (no shield)
rNeg     . . .     Faith    .   b - +0 scale mail
rPois    .         Spirit   .   g - +0 hat {MR+}
rElec    .         Reflect  .   (no cloak)
rCorr    .         Harm     .   (no gloves)
MR       +....                  (no boots)
Stlth    ..........             (no amulet)
HPRegen  0.11/turn              l - ring of magical power
MPRegen  0.12/turn              (no ring)

@: corroded
A: retaliatory headbutt, horns 2
a: no special abilities


You were on level 2 of the Dungeon.
You were not hungry.

You visited 1 branch of the dungeon, and saw 2 of its levels.

You collected 20 gold pieces.

Inventory:

Hand Weapons
 a - a +0 long sword (weapon)
Armour
 b - a +0 scale mail (worn)
 c - a +0 kite shield
 g - a +0 hat of magic resistance (worn)
Jewellery
 l - a ring of magical power (left hand)
Scrolls
 m - 3 scrolls of magic mapping {unknown}
 n - a scroll of remove curse {unknown}
Potions
 d - a potion of might
 e - a potion of brilliance
 h - 2 potions of curing
 i - a potion of resistance {unknown}
 k - a potion of mutation {unknown}
Comestibles
 f - 3 rations
 j - 6 chunks of flesh


   Skills:
 * Level 4.2 Fighting
 * Level 3.1 Long Blades
 * Level 4.4 Armour
 + Level 4.2 Shields


You had 2 spell levels left.
You didn't know any spells.
Your spell library was empty.

Dungeon Overview and Level Annotations

Branches:
Dungeon (2/15)

Altars:
Makhleb


Innate Abilities, Weirdness & Mutations

You reflexively headbutt those who attack you in melee.
You have a pair of horns on your head.


Message History

You are too injured to fight recklessly!
You are too injured to fight recklessly!
You are too injured to fight recklessly!
You are too injured to fight recklessly!
You are too injured to fight recklessly!
You are too injured to fight recklessly!
You are too injured to fight recklessly!
You are too injured to fight recklessly!
You are too injured to fight recklessly!
You are too injured to fight recklessly!
You are too injured to fight recklessly!
You hit the jelly but do no damage. The acid corrodes you!
Your hands burn!
You headbutt the jelly.
The jelly is moderately wounded.
The jelly hits you.
You are splashed with acid!
* * * LOW HITPOINT WARNING * * *
The jelly hits you.
* * * LOW HITPOINT WARNING * * *
You are splashed with acid!
You die...

....# ..... ...
..$ #.# #.#
##.## ##..J##
##...@.##
##.......##
.##.....<...####
...............
$##.........####
##.......##
##.....## #.
##...## ..#
##'##


You could see a jelly.

Vanquished Creatures
  An adder (D:2)
  3 worms (D:2)
  4 dart slugs
  A leopard gecko (D:2)
  2 giant cockroaches (D:2)
  5 goblins
  4 hobgoblins
  4 kobolds
  3 bats (D:2)
  2 frilled lizards
  3 rats
32 creatures vanquished.

Notes
Turn   | Place    | Note
-------+----------+-------------------------------------------
     0 | D:1      | BlueFish the Minotaur Fighter began the quest for the Orb.
     0 | D:1      | Reached XP level 1. HP: 19/19 MP: 0/0
   221 | D:1      | Reached XP level 2. HP: 19/27 MP: 1/1
   849 | D:2      | Reached XP level 3. HP: 33/33 MP: 2/2
   963 | D:2      | Found a burning altar of Makhleb.
  1391 | D:2      | Splashed by a jelly's acid

Levels and vault maps discovered:
D:1:      denvon_arrival_hothouse, layout_basic
D:2:      layout_loops_corners, lemuel_round_altar, lemuel_round_altar,
          elyvilon_altar_4, nicolae_ru_great_annihilating_truth

Skill      XL: |  1  2  3 |
---------------+----------+-----
Fighting       | 4 |  4.2
Armour         | 4 |  4.4
Shields        | 4 |  4.2
Long Blades    | 3 |  3.1

Action                   || total
-------------------------++-------
Melee: Long sword        ||    76
       Headbutt          ||    15
  Use: Scroll            ||     2
  Eat: Chunk             ||     2
Armor: Scale mail        ||    48
Dodge: Dodged            ||    30
       Rpst.: Long sword ||     6

Table legend:
 A = Non-vault XP
 B = Vault XP
 C = Vault XP percentage of total XP
 D = Non-vault monster count
 E = Vault monster count
 F = Vault count percentage of total count
                 A         B        C        D         E       F
            +---------+---------+-------+---------+---------+-------
      Total |      85 |       0 |   0.0 |      32 |       0 |   0.0
            +---------+---------+-------+---------+---------+-------
        D:1 |      27 |       0 |   0.0 |      13 |       0 |   0.0
        D:2 |      58 |       0 |   0.0 |      19 |       0 |   0.0
            +---------+---------+-------+---------+---------+-------
